General information
- name: BNet
- type: Ladder 1vs1/FFA
- host: Battle.net
- saver: schmitty9800
map: TwistedMeadows
- players: 2
- length: 26:46
- speed: Fast
- version: 1.23 W3XP
- replay type: Public
» download(113 KB)
Players
team 1 (loser)

»
schmitty9800 (
purple | 117 APM | 3120 actions | 26:46)
3 Death Knight
2 Death Coil
1 Unholy Aura
3 Lich
2 Frost Nova
1 Dark Ritual
1 Crypt Lord
1 Impale
» actions
| Assign group hotkey | 57 | |
| Basic commands | 111 | |
| Build / train | 77 | |
| ESC pressed | 8 | |
| Enter build submenu | 21 | |
| Enter hero's abilities submenu | 7 | |
| Give item / drop item | 3 | |
| Right click | 1139 | |
| Select / deselect | 603 | |
| Select group hotkey | 968 | |
| Use ability | 126 | |
3120 total
» units
| Acolyte | 12 | |
| Ghoul | 4 | |
| Crypt Fiend | 19 | |
| Obsidian Statue | 4 | |
39 total
» upgrades
| Creature Attack | 1 | |
| Web | 1 | |
| Burrow | 1 | |
| Creature Carapace | 1 | |
| Destroyer Form | 1 | |
5 total
» buildings
| Crypt | 1 | |
| Graveyard | 1 | |
| Altar of Darkness | 1 | |
| Ziggurat | 9 | |
| Tomb of Relics | 1 | |
| Halls of the Dead | 1 | |
| Nerubian Tower | 3 | |
| Spirit Tower | 2 | |
| Slaughterhouse | 1 | |
| Black Citadel | 1 | |
| Sacrificial Pit | 1 | |
22 total
» build order
00:15 Crypt
00:23 Graveyard
00:46 Altar of Darkness
01:02 Ziggurat
01:47 Tomb of Relics
02:06 Ziggurat
04:01 Ziggurat
05:32 Halls of the Dead
05:47 Nerubian Tower
06:57 Spirit Tower
09:27 Ziggurat
10:02 Slaughterhouse
12:54 Black Citadel
13:22 Ziggurat
14:48 Sacrificial Pit
14:54 Ziggurat
19:47 Ziggurat
19:48 Ziggurat
20:15 Ziggurat
20:42 Spirit Tower
20:44 Nerubian Tower
23:35 Nerubian Tower
» items
| Rod of Necromancy | 3 | |
| Dust of Appearance | 4 | |
| Sacrificial Skull | 1 | |
| Scroll of Town Portal | 1 | |
| Potion of Healing | 3 | |
| Orb of Corruption | 1 | |
| Potion of Mana | 3 | |
16 total
team 2 (winner)
ruc.006 (
teal | 197 APM | 5276 actions | 26:46)
6 Blademaster
2 Wind Walk
3 Critical Strike
1 Bladestorm
5 Shadow Hunter
1 Hex
3 Healing Wave
1 Serpent Ward
5 Tauren Chieftain
3 Endurance Aura
2 War Stomp
» actions
| Assign group hotkey | 31 | |
| Basic commands | 183 | |
| Build / train | 109 | |
| ESC pressed | 1 | |
| Enter build submenu | 16 | |
| Enter hero's abilities submenu | 16 | |
| Give item / drop item | 8 | |
| Remove unit from queue | 4 | |
| Right click | 1283 | |
| Select / deselect | 925 | |
| Select group hotkey | 2472 | |
| Use ability | 228 | |
5276 total
» units
| Peon | 23 | |
| Raider | 1 | |
| Goblin Shredder | 2 | |
| Kodo Beast | 2 | |
| Wind Rider | 5 | |
| Shaman | 2 | |
35 total
» upgrades
| Pillage | 1 | |
| Ensnare | 1 | |
| Reinforced Defenses | 1 | |
| War Drums Damage Increase | 1 | |
| Envenomed Spears | 1 | |
| Ranged Weapons | 3 | |
| Shaman Training | 2 | |
10 total
» buildings
| Altar of Storms | 1 | |
| Orc Burrow | 5 | |
| Voodoo Lounge | 1 | |
| Stronghold | 4 | |
| War Mill | 1 | |
| Watch Tower | 2 | |
| Fortress | 3 | |
| Beastiary | 2 | |
| Spirit Lodge | 1 | |
| Great Hall | 2 | |
22 total
» build order
00:06 Altar of Storms
00:21 Orc Burrow
01:03 Voodoo Lounge
02:04 Stronghold
02:05 Stronghold
02:05 Stronghold
02:07 War Mill
02:47 Orc Burrow
03:23 Watch Tower
05:41 Fortress
05:41 Fortress
05:55 Beastiary
06:16 Orc Burrow
07:39 Watch Tower
12:18 Beastiary
13:18 Orc Burrow
13:49 Orc Burrow
15:28 Spirit Lodge
15:45 Great Hall
23:07 Great Hall
» items
| Healing Salve | 4 | |
| Circlet of Nobility | 2 | |
| Boots of Speed | 3 | |
| Lesser Clarity Potion | 7 | |
| Scroll of Speed | 1 | |
| Orb of Lightning | 1 | |
| Tiny Great Hall | 2 | |
| Scroll of Town Portal | 3 | |
| Scroll of Healing | 1 | |
| Potion of Mana | 1 | |
25 total
Chat log
(00:16 / All) ruc.006: GG GL